 Dungeon Crawl Stone Soup version 0.29-a0-563-g64e4043184 (webtiles) character file.

Game seed: 8171134167190057129

69 josefromcouch the Insei (level 4, -2/38 HPs)
             Began as a Meteoran Monk on June 12, 2022.
             Slain by a gnoll shaman
             ... wielding a +0 whip
              (7 damage)
             ... on level 4 of the Dungeon.
             The game lasted 00:03:01 (763 turns).

josefromcouch the Insei (Meteoran Monk)              Turns: 763, Time: 00:03:02

Health: -2/38      AC:  3    Str: 15    XL:     4   Next: 70%
Magic:  5/5        EV: 17    Int: 11    God:
Gold:   62         SH:  0    Dex: 16    Spells: 3/3 levels left

rFire   . . .      SeeInvis .     - Unarmed
rCold   . . .      Faith    .   (no shield)
rNeg    . . .      Spirit   .   g - +0 leather armour
rPois   .          Reflect  .   (no helmet)
rElec   .          Harm     .   (no cloak)
rCorr   .          Rampage  .   (no gloves)
Will    .....                   (no boots)
Stlth   +.........              (no amulet)
HPRegen 0.12/turn               e - +4 ring of evasion
MPRegen 0.09/turn               (no ring)

@: brilliant, lethally poisoned (-2 -> -14), flying, glowing
A: sense surroundings 1, otherworldly, glowing, explore regen
a: no special abilities


You were on level 4 of the Dungeon.
You visited 1 branch of the dungeon, and saw 4 of its levels.

You collected 62 gold pieces.

Inventory:

Armour
 g - a +0 leather armour (worn)
Jewellery
 e - a +4 ring of evasion (left hand)
Scrolls
 c - a scroll of identify {unknown}
 d - a scroll of enchant armour {unknown}
 f - 2 scrolls of enchant weapon {unknown}
Potions
 b - 2 potions of ambrosia


   Skills:
 - Level 3.2 Fighting
 - Level 3.6 Dodging
 - Level 1.4 Stealth
 + Level 6.0 Unarmed Combat


You had 3 spell levels left.
You didn't know any spells.
Your spell library was empty.

Dungeon Overview and Level Annotations

Branches:
Dungeon (4/15)
 Temple: D:4-7

Altars:


Innate Abilities, Weirdness & Mutations

You passively map a small area around you.
You are easily found by Zot.
You glow in the dark.
You regain HP and MP as you explore.


Message History

h - a brown potion You open the door.
A gnoll shaman and a gnoll come into view.
The gnoll shaman shouts!
The gnoll shouts!
You hear an angry hiss.
Found 7 gold pieces. 2 gnolls come into view.
A gnoll is wielding a +2 spear of venom.
A gnoll comes into view. It is wielding a +0 flail.
There is an open door here.
It was a potion of brilliance.
You feel clever all of a sudden. The gnoll hits you but does no damage.
An adder comes into view.
It was a potion of flight.
You feel very buoyant.
You fly up into the air.
The gnoll shouts!
The gnoll hits you with a +0 whip.
A gnoll comes into view. It is wielding a +0 flail.
You punch the gnoll! The gnoll hits you with a +0 whip.
You punch the gnoll!
You kill the gnoll!
An ufetubus comes into view.
Your Unarmed Combat skill increases to level 6!
You barely miss the gnoll shaman.
The ufetubus shouts!
The gnoll shaman calls upon its god to speed up the gnoll.
The gnoll seems to speed up.
You hit the gnoll shaman. The gnoll completely misses you.
The gnoll shaman hits you with a +0 whip!
You hit the gnoll shaman but do no damage.
The gnoll misses you. The gnoll shaman closely misses you.
The gnoll hits you from afar with a +2 spear of venom.
* * * LOW HITPOINT WARNING * * *
You are lethally poisoned!
* * * LOW HITPOINT WARNING * * *
You feel very sick.
The gnoll shaman attacks as you move away!
The gnoll shaman hits you with a +0 whip!
You die... ,*, #..# * * * #..# * , , , , .... , , , * g5# *,, , , , , gg#

*,* * *#g# ,, * * #)# ,
,*, ##g#########
#@.........#
,###..........# ,
#.'....).....# *
#......#*#.#..........#
#......# #.#..........#
#......# #.#..........#
* #......#
#.############ *
#......# #.# , ,
#......# #.# *


You could see a gnoll shaman, 2 gnolls and an ufetubus.

Vanquished Creatures
  A gnoll (D:4)
  2 adders (D:2)
  2 orcs
  2 bats (D:1)
  2 endoplasms (D:1)
  7 goblins
  7 hobgoblins
  3 quokkas (D:1)
  2 frilled lizards
  4 kobolds
  2 rats (D:1)
34 creatures vanquished.

Notes
Turn   | Place    | Note
-------+----------+-------------------------------------------
     0 | D:1      | josefromcouch the Meteoran Monk began the quest for the
                  | Orb.
     0 | D:1      | Reached XP level 1. HP: 19/19 MP: 2/2
    87 | D:1      | Reached skill level 4 in Unarmed Combat
    87 | D:1      | Reached XP level 2. HP: 20/26 MP: 3/3
   151 | D:1      | Reached XP level 3. HP: 21/31 MP: 4/4
   182 | D:1      | Reached skill level 5 in Unarmed Combat
   383 | D:2      | Reached XP level 4. HP: 31/38 MP: 5/5
   759 | D:4      | Reached skill level 6 in Unarmed Combat
   763 | D:4      | Slain by a gnoll shaman

Illustrated notes

Levels and vault maps discovered:
D:1:      grunt_arrival_crossed_arrows, layout_rooms, grunt_decor_resistance
D:2:      layout_loops_corners, basic_altar, minmay_crystal_water,
          grunt_decor_cap
D:3:      layout_basic, nicolae_elevator_lobby_asterisk
D:4:      layout_basic, mainiacjoe_overflow_small_starburst,
          mainiacjoe_overflow_alcove_2, lexackson_kobold_supper

Skill      XL: |  1  2  3  4 |
---------------+-------------+-----
Unarmed Combat | 4 5 6 |  6.0
Fighting       | |  3.2
Dodging        | |  3.6
Stealth        | |  1.4

Action                   |  1- 3 |  4- 6 || total
-------------------------+-------+-------++-------
Melee: Unarmed           |    81 |    38 ||   119
       Punch             |     5 |     2 ||     7
  Use: Potion            |       |     2 ||     2
 Stab: Sleeping          |     1 |       ||     1
Armor: Robe              |    17 |       ||    17
       Leather armour    |       |     2 ||     2
Dodge: Dodged            |    39 |    25 ||    64

Table legend: (Time is in decaauts)
 A = Elapsed time spent in this place.
 B = Non-inter-level travel time spent in this place.
 C = Inter-level travel time spent in this place.
 D = Time resting spent in this place.
 E = Time spent auto-exploring this place.
 F = Levels seen in this place.
 G = Mean time per level.
                   A        B        C        D        E       F      G
               +--------+--------+--------+--------+--------+-----+--------+
         Total |    751 |    734 |     17 |      0 |    258 |   4 |  187.8 |
       Dungeon |    751 |    734 |     17 |      0 |    258 |   4 |  187.8 |
               +--------+--------+--------+--------+--------+-----+--------+

Top non-repeatable levels by time:
     D:1: 269 daAuts
     D:3: 221 daAuts
     D:2: 186 daAuts
     D:4: 74 daAuts
